cohdb
Replays
Latest Replays
All Replays
Popular Replays
Top Player Replays
Match Explorer
How It Works
Community
CoH3 Stats
Reddit
Sign in to upload your games and track your stats! →
Sign in with Steam
Match 45756977
Unlisted
Match 45756977
Overview
Messages
Build Orders
End
Engineer Squad
Construct Barracks
1⁄4-ton 4x4 Truck
Riflemen Squad
Riflemen Squad
Construct Medical Station
Infantry Support Center
Grenade Package
Construct Motor Pool
M8 Greyhound Armored Car
M1 Mortar Team
M1 Anti-tank Gun Team
M1 Anti-tank Gun Team
Engineer Squad
Construct Tank Depot
Construct Tank Depot
M4A1 Sherman Medium Tank
M4A1 Sherman Medium Tank
Selects Heavy Weapons
Selects Assault Carriers
Selects Exchangeable Parts
Selects M26 Pershing Heavy Tank
M26 Pershing Heavy Tank
Advanced Logistics
Engineer Squad
M18 Hellcat Tank Destroyer
XavRS
Prowley
crywo1f
LeRag
0
0
Comments
sign in to comment!
No comments posted yet!